 Dungeon Crawl Stone Soup version 0.19-a0-1170-g18f0c96 (webtiles) character file.

10829 4thArraOfDagon the Grappler (level 11, -3/123 HPs)
             Began as a Troll Artificer on Aug 16, 2016.
             Was a Follower of Ashenzari.
             Slain by a manticore (5 damage)
             ... on level 14 of the Dungeon.
             The game lasted 00:30:53 (5889 turns).

4thArraOfDagon the Grappler (Troll Artificer)       Turns: 5889, Time: 00:30:54

Health: -3/123     AC: 25    Str: 20      XL:     11   Next: 41%
Magic:  13/13      EV:  1    Int:  9 (10) God:    Ashenzari [*.....]
Gold:   732        SH: 16    Dex:  8 (10) Spells: 1 memorised, 7 levels left

rFire  . . .     SeeInvis .       - Unarmed
rCold  . . .     Gourm    +     (armour currently unavailable)
rNeg   + + +     Faith    .     q - +1 large shield {reflect} (curse)
rPois  +         Spirit   .     (helmet currently unavailable)
rElec  .         Dismiss  .     (cloak currently unavailable)
rCorr  +         Reflect  +     (gloves unavailable)
MR     +....     Harm     .     (boots unavailable)
Stlth  +......... Clarity  +    D - amulet of rage NoTele +
                                I - ring of resist corrosion
                                R - ring of poison resistance

@: tree-form, studying Slings
A: unfitting armour, (antennae 0), (claws 0), (talons 0), berserk 1, clarity,
(deformed body), deterioration 1, fast metabolism 3, frail 1, gourmand, magic
resistance 1, regeneration 2, (shaggy fur 0), (tough skin 0), weak 1
a: Curse Item, Scrying, Renounce Religion, Evoke Berserk Rage


You were on level 14 of the Dungeon.
You worshipped Ashenzari.
Ashenzari was aware of your devotion.
You were very full.
You were a tree.
You visited 1 branch of the dungeon, and saw 15 of its levels.
You also visited: Labyrinth and Bailey.

You collected 799 gold pieces.
You spent 67 gold pieces at shops.

Inventory:

Hand Weapons
 a - a +1 short sword
 C - the +8 greatsling "Deek" {freeze, rElec SInv}
   (You took it off an orc warrior in a bailey)

   It causes projectiles fired from it to freeze those they strike, causing
   extra injury to most foes and up to half again as much damage against
   particularly susceptible opponents.
   They can also slow down cold-blooded creatures.
   It insulates you from electricity.
   It lets you see invisible.
 W - the +4 hunting sling "Quemom" {freeze, rC+ Int+3 Dex+4}
   (You found it in a labyrinth)

   It causes projectiles fired from it to freeze those they strike, causing
   extra injury to most foes and up to half again as much damage against
   particularly susceptible opponents.
   They can also slow down cold-blooded creatures.
   It affects your intelligence (+3).
   It affects your dexterity (+4).
   It protects you from cold.
 X - a +0 blowgun
Missiles
 t - 2 throwing nets (quivered)
 T - 4 large rocks
 Y - 10 curare-tipped needles
Armour
 b - a +0 robe
 q - a cursed +1 large shield of reflection (worn)
 x - a +0 large shield
 A - a +2 cloak (melded)
 N - a troll hide (melded)
Magical Staves
 P - an uncursed staff of wizardry {!a}
Jewellery
 k - an uncursed ring of flight
 u - an uncursed ring of stealth
 w - an uncursed amulet of magic regeneration
 D - an amulet of rage (around neck)
 I - a ring of resist corrosion (right branch)
 Q - an uncursed ring of ice
 R - a ring of poison resistance (left branch)
Wands
 c - a wand of flame (13/48)
 d - a wand of enslavement (7/24)
 e - a wand of random effects (11/48)
 H - a wand of random effects (33/48)
 L - a wand of acid (0/15)
 S - a wand of hasting (3/9)
Scrolls
 h - a scroll of enchant weapon
 n - a scroll of fear
 s - 2 scrolls of amnesia
 v - a scroll of blinking
 y - a scroll of noise
 B - a scroll of teleportation
 E - 2 scrolls of fog {unknown}
 K - 3 scrolls of identify {unknown}
Potions
 g - a potion of agility {unknown}
 i - 3 potions of curing
 l - a potion of ambrosia {unknown}
 m - a potion of brilliance {unknown}
 o - a potion of might {unknown}
 p - 2 potions of cure mutation {unknown}
 r - a potion of heal wounds {unknown}
 z - a potion of haste {unknown}
 F - a potion of lignification
 G - a potion of cancellation {unknown}
 M - a potion of flight {unknown}
 O - a potion of magic {unknown}
 V - a potion of mutation {unknown}
Books
 U - a manual of Slings
Miscellaneous
 J - a lamp of fire (inert)
Comestibles
 f - 6 bread rations
 j - 4 meat rations


   Skills:
 + Level 1.5 Fighting
 - Level 0.7 Short Blades
 + Level 2.2 Dodging
 - Level 0.4 Stealth
 + Level 6.3 Shields
 - Level 14.4 Unarmed Combat
 + Level 1.0 Spellcasting
 * Level 1.8 Transmutations
 - Level 4.2 Evocations


You had 7 spell levels left.
You knew the following spells:

 Your Spells              Type           Power        Failure   Level  Hunger
a - Blade Hands           Tmut           #.........   100%        5    ######.


Dungeon Overview and Level Annotations

Branches:
Dungeon (15/15)            Temple (0/1) D:6            Lair (0/6) D:9
    Orc: D:9-12      Vaults: D:13-14     Depths: D:15

Altars:
Ashenzari
Elyvilon
Hepliaklqana
Nemelex Xobeh
Okawaru
Ru
Trog

Shops:
D:4 (   D:7 :[

Portals:
Trove: D:12 (give horn of Geryon)

Annotations:
D:14 exclusion: downstairs
D:15 Agnes


Innate Abilities, Weirdness & Mutations

You are too large for most types of armour.
((You have claws for hands.))
Your metabolism is lightning-fast.
You like to eat raw meat.
You heal very quickly.
((You are covered in fur. (AC +1)))
((You have very tough skin. (AC +2)))
((You have a pair of small antennae on your head.))
((You have sharp toenails.))
You tend to lose your temper in combat.
You possess an exceptional clarity of mind.
((Armour fits poorly on your strangely shaped body.))
Your body sometimes deteriorates upon taking damage.
You are frail. (-10% HP)
You are resistant to hostile enchantments. (MR+)
You are weak. (Str -2)


Message History

You block the wyvern's attack. The manticore bites you.
* * * LOW HITPOINT WARNING * * *
The manticore claws you!
* * * LOW HITPOINT WARNING * * *
The manticore barely misses you. The giant frog hits you.
* * * LOW HITPOINT WARNING * * *
Unknown command.
Unknown command.
Unknown command.
Unknown command.
Unknown command.
It was a potion of lignification.
You turn into a tree.
Your +2 cloak melds into your body.
Your troll hide melds into your body.
Your roots penetrate the ground.
The wyvern bites you but does no damage.
The giant frog hits you.
* * * LOW HITPOINT WARNING * * *
You block the wyvern's attack. You block the manticore's attack.
The manticore claws you.
You die...

.#######....#
............#
............####
...D............
....####+#####. #..
. .#........#
#..#####.+........#
#......#.#......l.#
##......#.#.....♣..#
........+.#....H.F.#
........#.#..[%[...#
........#.#..[)....#
........'.#........#
........#.###......#
........#...#..)...#
........#...'......#
#####...#...#......#


You could see a manticore, a wyvern and a giant frog.

Vanquished Creatures
  A minotaur (Lab)
  A death knight (D:9)
  A cyclops (D:14)
  4 gargoyles
  A troll (D:12)
  A two-headed ogre (D:8)
  Sigmund (D:5)
  A shadow (Lab)
  2 hippogriffs
  A wraith (D:10)
  2 yaks (D:9)
  6 hungry ghosts
  2 killer bees
  Menkaure (D:5)
  Edmund (D:5)
  A swamp drake (D:6)
  14 orc warriors
  2 phantoms
  4 sky beasts
  A black bear (D:9)
  6 ogres
  6 centaurs
  A crocodile (D:7)
  A big kobold (D:8)
  2 giant frogs
  A wyvern zombie (D:8)
  5 wights (D:7)
  A spriggan skeleton (Lab)
  A howler monkey (D:4)
  3 crimson imps
  2 quasits
  A giant frog zombie (D:7)
  2 hounds
  5 orc priests
  7 orc wizards
  A jelly (D:9)
  3 iguanas
  2 worker ants
  An ogre skeleton (Lab)
  A hound zombie (D:6)
  17 gnolls
  7 adders
  2 river rats (D:9)
  4 shadow imps
  An ooze (D:3)
  An adder zombie (D:9)
  A worm (D:6)
  2 dart slugs
  4 giant geckos
  30 orcs
  15 bats
  A giant cockroach (D:6)
  3 hobgoblins
  4 jackals (D:1)
  20 kobolds
  A quokka (D:7)
  2 ball pythons (D:4)
  4 giant newts
  7 goblins
  10 rats
236 creatures vanquished.

Vanquished Creatures (collateral kills)
  A killer bee (D:7)
  2 orc priests (D:8)
  2 orc wizards
  An adder skeleton (D:7)
  6 orcs
12 creatures vanquished.

Vanquished Creatures (others)
  Sonja (D:14)
  A killer bee (D:7)
2 creatures vanquished.

Grand Total: 250 creatures vanquished

Notes
Turn   | Place    | Note
-------+----------+-------------------------------------------
     0 | D:1      | 4thArraOfDagon the Troll Artificer began the quest for the Orb.
     0 | D:1      | Reached XP level 1. HP: 18/18 MP: 1/1
    27 | D:1      | Reached skill level 1 in Unarmed Combat
    89 | D:2      | Reached XP level 2. HP: 23/26 MP: 2/2
   130 | D:2      | Found a shattered altar of Ashenzari.
   217 | D:2      | Became a worshipper of Ashenzari the Shackled
   256 | D:1      | Reached skill level 2 in Unarmed Combat
   427 | D:3      | Reached XP level 3. HP: 26/32 MP: 3/3
   457 | D:3      | Reached skill level 3 in Unarmed Combat
   532 | D:4      | Found a sparkling altar of Nemelex Xobeh.
   536 | D:4      | Reached skill level 4 in Unarmed Combat
   536 | D:4      | Reached XP level 4. HP: 40/40 MP: 2/4
   562 | D:4      | Found a sacrificial altar of Ru.
   564 | D:4      | Reached XP level 5. HP: 23/46 MP: 3/5
   583 | D:4      | Reached skill level 5 in Unarmed Combat
   633 | D:4      | Found Xodgharagg's Antique Weapon Boutique.
   713 | D:5      | Entered Level 5 of the Dungeon
   752 | D:5      | Noticed Edmund
   767 | D:5      | Killed Edmund
   767 | D:5      | Reached skill level 6 in Unarmed Combat
   767 | D:5      | Reached XP level 6. HP: 37/54 MP: 3/6
   787 | D:5      | Found a white marble altar of Elyvilon.
   791 | D:5      | Noticed Sigmund
   806 | D:5      | Killed Sigmund
   806 | D:5      | Reached skill level 7 in Unarmed Combat
   868 | D:5      | Noticed Menkaure
   875 | D:5      | Killed Menkaure
   875 | D:5      | Reached XP level 7. HP: 25/61 MP: 2/7
  1071 | D:6      | Reached skill level 8 in Unarmed Combat
  1182 | D:6      | Reached skill level 9 in Unarmed Combat
  1209 | D:6      | Reached XP level 8. HP: 68/68 MP: 8/8
  1238 | D:6      | Found a staircase to the Ecumenical Temple.
  1362 | D:6      | Reached skill level 10 in Unarmed Combat
  1424 | D:7      | Found a bloodstained altar of Trog.
  1468 | D:7      | Found Xaqiu's Armour Emporium.
  1476 | D:7      | Bought a +0 large shield for 67 gold pieces
  1602 | D:7      | Found Tenyc's Book Boutique.
  1701 | D:7      | Reached skill level 1 in Shields
  1715 | D:7      | Reached skill level 11 in Unarmed Combat
  1848 | D:7      | Reached XP level 9. HP: 63/75 MP: 9/9
  1875 | D:7      | Found an iron altar of Okawaru.
  2005 | D:7      | Reached * piety under Ashenzari
  2227 | D:8      | Reached skill level 12 in Unarmed Combat
  2290 | D:8      | Found a hazy altar of Hepliaklqana.
  2377 | D:8      | Gained mutation: You are frail. (-10% HP) [mutagenic meat]
  2380 | D:8      | Gained mutation: Armour fits poorly on your strangely shaped body. [mutagenic meat]
  2383 | D:8      | Gained mutation: You tend to lose your temper in combat. [mutagenic meat]
  2386 | D:8      | Gained mutation: You are weak. (Str -2) [mutagenic meat]
  2389 | D:8      | Gained mutation: You have a pair of small antennae on your head. [mutagenic meat]
  2664 | D:9      | Gained mutation: You are resistant to hostile enchantments. (MR+) [mutagenic meat]
  2667 | D:9      | Gained mutation: Your body sometimes deteriorates upon taking damage. [mutagenic meat]
  2670 | D:9      | Lost mutation: You are weak. (Str -2) [mutagenic meat]
  2684 | D:9      | Noticed a death knight
  2753 | D:9      | Killed a death knight
  2753 | D:9      | Reached XP level 10. HP: 74/74 MP: 11/11
  2822 | D:9      | Found a flagged portal.
  2843 | D:9      | FAIL
  2918 | Bailey   | Entered a bailey
  3103 | Bailey   | Reached skill level 13 in Unarmed Combat
  3184 | Bailey   | Got the greatsling "Deek" {freeze, rElec SInv}
  3445 | D:10     | Entered Level 10 of the Dungeon
  3509 | D:11     | Reached skill level 5 in Shields
  3511 | D:11     | Noticed a gargoyle
  3525 | D:11     | Killed a gargoyle
  3692 | D:12     | Reached ** piety under Ashenzari
  3790 | D:12     | Found a labyrinth entrance.
  3804 | Lab      | Entered a labyrinth
  4492 | Lab      | Reached skill level 14 in Unarmed Combat
  4985 | Lab      | Noticed a gargoyle
  4985 | Lab      | Noticed a gargoyle
  4985 | Lab      | Noticed a gargoyle
  4985 | Lab      | Noticed a gargoyle
  5349 | Lab      | Noticed a minotaur
  5428 | Lab      | Killed a gargoyle
  5428 | Lab      | Reached XP level 11. HP: 80/80 MP: 13/13
  5480 | Lab      | Killed a minotaur
  5483 | Lab      | Identified the Tome of Poisonous Protection
  5491 | Lab      | Learned a level 5 spell: Blade Hands
  5491 | Lab      | Got the quarterstaff of Megalomania {vamp, rC+}
  5491 | Lab      | Got the hunting sling "Quemom" {freeze, rC+ Int+3 Dex+4}
  5573 | D:12     | Reached skill level 1 in Fighting
  5584 | D:12     | Gained mutation: You possess an exceptional clarity of mind. [mutagenic meat]
  5593 | D:12     | Gained mutation: You have sharp toenails. [mutagenic meat]
  5596 | D:12     | Gained mutation: You are weak. (Str -2) [mutagenic meat]
  5686 | D:12     | Found a portal to a secret trove of treasure.
  5729 | D:14     | Reached skill level 1 in Transmutations
  5757 | D:15     | Entered Level 15 of the Dungeon
  5757 | D:15     | Noticed Agnes
  5765 | D:14     | Noticed Sonja
  5771 | D:14     | Killed Sonja
  5787 | D:14     | Reached skill level 1 in Spellcasting
  5871 | D:14     | Noticed a six-headed hydra
  5888 | D:14     | HP: 4/82 [manticore (11)]
  5889 | D:14     | Slain by a manticore

Vault maps used:
D:1:      dpeg_arrival_shelter
D:2:      kennysheep_the_goblin_king, marbit_many_paths,
          nicolae_ashenzari_panopticon, minmay_lizard_king, uniq_jessica
D:4:      nicolae_ru_great_annihilating_truth,
          nemelex_xobeh_ov_fountains_minmay, serial_shops, shop
D:5:      elyvilon_altar_5, first_bread, uniq_menkaure, uniq_sigmund,
          uniq_edmund
D:7:      lightli_temple_of_fire, okawaru_altar_gauntlet_db, serial_shops,
          nicolae_shop_crystal, nicolae_shop_temple_entry_statues_fountains,
          grunt_livestock
D:8:      tso_oasis_becter, kennysheep_mini
D:9:      overflow_temple_1_default, vehumet_statue,
          grunt_lair_entry_orc_guard_hut, enter_bailey_8,
          minmay_strange_pillars, minmay_misc_feat_tower, nicolae_two_hexagons,
          hangedman_decor_clover_reticule, cheibriados_altar_1
D:10:     serial_shops, nicolae_shop_trees, uniq_snorg
D:12:     david_orc_5, enter_trove_6, lab_entry_generic, corexii_checkpoint_a
D:13:     hangedman_vaults_entry_quadrant_bands, serial_shops, shop,
          serial_column_ruins, column_ruins_open_tiny, column_ruins_open_small,
          column_ruins_open_tiny, column_ruins_corridor_straight
D:14:     uniq_sonja, uniq_rupert
D:15:     gammafunk_depths_entry_grave, serial_shops, shop,
          minmay_misc_feat_nine_boxes, minmay_sticks_and_stones, uniq_louise,
          uniq_agnes, uniq_urug
Lab:      nicolae_lab_stuck, nicolae_lab_x, lab_statue,
          labyrinth_skeletal_remains, nicolae_lab_quarters
Bailey:   bailey_axe_4, bailey

Skill      XL: |  1  2  3  4  5  6  7  8  9 10 11 |
---------------+----------------------------------+-----
Unarmed Combat | 1 2 4 6 7 9 11 12 14 | 14.4
Shields        | 2 4 5 6 |  6.3
Evocations     | 3 4 |  4.2
Fighting       | 1 |  1.5
Transmutations | 1 |  1.8
Dodging        | 2 |  2.2
Spellcasting   | 1 |  1.0
Short Blades   | |  0.7
Stealth        | |  0.4

Action                   |  1- 3 |  4- 6 |  7- 9 | 10-12 || total
-------------------------+-------+-------+-------+-------++-------
Melee: Unarmed           |   125 |    67 |   340 |   336 ||   868
       Short sword       |     1 |       |       |       ||     1
       Punch             |       |     3 |     1 |       ||     4
       Kick              |       |       |       |    11 ||    11
Throw: Tomahawk          |       |       |       |     9 ||     9
       Throwing net      |       |       |       |     1 ||     1
Invok: Curse Item        |       |       |     1 |     1 ||     2
       Scrying           |       |       |       |     6 ||     6
 Abil: Evoke Berserk Rag |       |       |     2 |     4 ||     6
       Evoke Flight      |       |       |       |     2 ||     2
Evoke: Wand              |       |       |    14 |     1 ||    15
       Lamp of fire      |       |       |       |     1 ||     1
  Use: Potion            |       |     1 |     2 |     1 ||     4
       Scroll            |       |       |     5 |     4 ||     9
 Stab: Sleeping          |     2 |       |     4 |       ||     6
       Paralysed         |       |     2 |       |       ||     2
       Invisible         |       |     1 |       |       ||     1
       Held in net/web   |       |       |       |     2 ||     2
  Eat: Chunk             |     8 |     5 |    27 |    29 ||    69
       Bread ration      |       |       |       |     3 ||     3
       Royal jelly       |       |       |       |     1 ||     1
Armor: Robe              |    66 |     7 |    59 |    94 ||   226
       Troll hide        |       |       |       |    24 ||    24
       Skin              |       |       |       |     1 ||     1
Dodge: Dodged            |    71 |    22 |    79 |    56 ||   228
Block: Large shield      |       |       |   165 |   307 ||   472
       Reflection        |       |       |       |     3 ||     3
